cohdb
Replays
Latest Replays
All Replays
Popular Replays
Top Player Replays
Match Explorer
How It Works
Community
CoH3 Stats
Reddit
Sign in to upload your games and track your stats! →
Sign in with Steam
Match 47267501
Unlisted
Match 47267501
Overview
Messages
Build Orders
End
Construct Section Command Post
Royal Engineer Section
Vickers Machine Gun Team
Selects Canadian Shock Battlegroup
Vickers Machine Gun Team
Construct Field Infirmary
Grenade Package
Selects Attacking Spirit
Selects Canadian Shock Section
Canadian Shock Section
Selects Incendiary Munitions
Construct Platoon Command Post
Infantry Training
Canadian Shock Section
Selects Pyrotechnics
CMP 15cwt Truck
6-pounder Anti-tank Gun Team
6-pounder Anti-tank Gun Team
CMP 15cwt Truck
Selects Smoke Operation
Royal Engineer Section
Armored Vehicle Training
Construct Company Command Post
Unlock M3 Grant Medium Tanks
Shingles
Gunshy
Elviol
arash
0
0
Comments
sign in to comment!
No comments posted yet!